Map: Terrasses de Prion

Players

Worming - Winner!

  • Race: Zerg Zerg
  • League: Diamond

Stressling

  • Race: Protoss Protoss
  • League: Gold

VOD

Have the link to the VOD?

Description

Time

  • Played on: Dec. 8, 2015, 11:17 a.m.
  • Length: 12:05
Show
View Real Time Build Order
Export as new Build Order

Worming Zerg - Winner!

Build Orders: Hatch First, Lurkers 

Get SALT Encoding   

  12  0:01  Drone  
  13  0:15  Overlord  
  13  0:18  Drone  
  14  0:33  Drone x2  
  16  0:42  Drone  
  17  0:57  Drone, Hatchery  
  18  1:01  Drone  
  18  1:07  Extractor  
  17  1:14  Spawning Pool  
  17  1:18  Drone  
  17  1:25  Drone  
  18  1:34  Drone  
  19  1:41  Overlord  
  19  2:01  Queen  
  19  2:02  Zergling x2  
  19  2:05  Zergling x2  
  23  2:09  Metabolic Boost  
  23  2:10  Queen  
  23  2:12  Drone  
  26  2:22  Drone x2  
  28  2:29  Drone  
  29  2:33  Drone  
  29  2:36  Overlord  
  30  2:39  Queen  
  30  2:42  Drone  
  33  2:46  Drone  
  34  3:04  Queen  
  36  3:08  Drone x4  
  40  3:25  Drone x4  
  40  3:26  Overlord x2  
  44  3:31  Roach Warren  
  41  3:47  Extractor  
  41  3:48  Extractor  
  39  3:49  Evolution Chamber  
  38  4:01  Overlord x3  
  38  4:02  Hatchery  
  37  4:03  Drone  
  37  4:04  Drone x2  
  37  4:06  Drone  
  37  4:08  Drone  
  42  4:11  Drone  
  43  4:19  Zerg Missile Weapons Level 1  
  43  4:21  Lair  
  43  4:23  Drone  
  44  4:25  Drone  
  45  4:32  Drone x3  
  48  4:39  Drone x3  
  51  4:53  Extractor  
  51  4:54  Drone x5  
  55  5:06  Zergling x6  
  58  5:19  Glial Reconstitution  
  58  5:21  Roach x6  
  70  5:30  Overlord x2  
  70  5:31  Drone  
  71  5:44  Drone  
  71  5:45  Drone x7  
  79  5:54  Overlord x2  
  79  5:56  Roach x2  
  79  5:57  Roach x2  
  85  6:04  Overlord  
  85  6:05  Overlord  
  85  6:09  Roach x6  
  85  6:11  Overlord x2  
  97  6:15  Ravager x6  
  103  6:21  Zerg Missile Weapons Level 2  
  103  6:26  Drone x3  
  103  6:27  Extractor x2  
  104  6:36  Drone  
  104  6:37  Roach x4  
  104  6:38  Roach, Hydralisk Den  
  114  6:40  Drone x3  
  114  6:41  Drone x2  
  114  6:42  Drone  
  120  6:53  Roach  
  120  6:54  Roach x5  
  132  7:07  Ravager x2  
  134  7:09  Zergling x6, Roach  
  134  7:10  Zergling x10  
  144  7:22  Overlord x2  
  131  7:47  Roach x6  
  131  7:48  Zergling x2  
  131  7:49  Ravager  
  131  7:50  Ravager x2  
  142  8:05  Lurker Den  
  142  8:11  Zergling x24  
  142  8:12  Infestation Pit, Zergling x10, Hatchery  
  133  8:46  Hydralisk  
  133  8:47  Hydralisk x7  
  133  8:48  Zergling x8  
  153  8:50  Hive  
  153  8:55  Zerg Ground Armor Level 1  
  153  9:00  Zergling x2  
  153  9:01  Zergling x2  
  155  9:04  Overlord x3  
  155  9:06  Pneumatized Carapace  
  155  9:07  Spine Crawler  
  154  9:10  Spine Crawler  
  134  9:51  Muscular Augments  
  134  9:53  Lurker  
  134  9:54  Lurker x4  
  134  9:56  Zergling x4, Roach x7  
  134  9:57  Zergling x22  
  166  10:02  Extractor  
  166  10:03  Extractor  
  166  10:04  Drone x2  
  166  10:05  Drone x3  
  166  10:06  Drone  
  154  10:34  Lurker  
  154  10:35  Lurker x2  
  156  10:36  Hydralisk x2  
  156  10:37  Hydralisk x3  
  156  10:38  Zergling x6, Roach x3  
  156  10:39  Zergling x18  
  156  10:41  Queen  
  186  10:49  Ultralisk Cavern  
  185  10:53  Evolution Chamber  
  183  11:06  Hatchery  
  183  11:07  Overseer  
Show
View Real Time Build Order
Export as new Build Order

Stressling Protoss 

Build Orders: Nexus First 

Get SALT Encoding   

  12  0:39  Probe (Chrono Boost)  
  13  0:49  Nexus  
  13  0:56  Probe (Chrono Boost)  
  14  1:01  Pylon  
  14  1:07  Probe (Chrono Boost)  
  15  1:19  Probe (Chrono Boost)  
  16  1:27  Gateway  
  16  1:28  Gateway  
  16  1:30  Probe (Chrono Boost)  
  17  1:35  Assimilator  
  17  1:40  Probe (Chrono Boost)  
  18  1:50  Pylon  
  18  1:51  Probe (Chrono Boost)  
  20  2:01  Probe (Chrono Boost), Assimilator  
  20  2:04  Probe (Chrono Boost)  
  21  2:13  Probe (Chrono Boost)  
  22  2:15  Cybernetics Core  
  22  2:18  Probe (Chrono Boost)  
  23  2:27  Probe (Chrono Boost)  
  23  2:29  Probe (Chrono Boost)  
  25  2:37  Probe (Chrono Boost)  
  25  2:41  Probe (Chrono Boost)  
  27  2:48  Probe (Chrono Boost)  
  28  2:52  Adept x2  
  28  2:57  Warp Gate  
  34  2:59  Mothership Core (Chrono Boost)  
  34  3:01  Probe (Chrono Boost)  
  34  3:28  Probe x2 (Chrono Boost)  
  34  3:29  Adept x2  
  40  3:35  Pylon  
  40  3:38  Probe (Chrono Boost)  
  41  3:41  Probe (Chrono Boost)  
  42  3:48  Gateway  
  42  3:50  Pylon  
  42  3:52  Probe (Chrono Boost)  
  43  3:56  Adept  
  43  3:57  Sentry  
  47  4:18  Probe x2 (Chrono Boost)  
  47  4:23  Sentry  
  51  4:28  Probe (Chrono Boost)  
  54  4:34  Gateway  
  54  4:36  Gateway x2  
  54  4:40  Gateway  
  54  4:42  Probe x2 (Chrono Boost)  
  56  4:47  Assimilator  
  56  4:50  Assimilator  
  54  4:58  Pylon  
  54  5:02  Pylon  
  54  5:05  Stalker x2  
  54  5:06  Stalker  
  60  5:28  Pylon  
  60  5:38  Adept  
  60  5:39  Adept  
  60  5:40  Adept x4  
  60  5:41  Adept  
  74  6:00  Pylon  
  74  6:01  Pylon  
  74  6:04  Adept x3  
  74  6:05  Adept  
  74  6:06  Adept  
  74  6:07  Adept  
  86  6:17  Pylon  
  86  6:18  Pylon  
  86  6:19  Pylon  
  86  6:27  Stalker x5  
  96  6:58  Pylon  
  96  7:14  Robotics Facility  
  96  7:23  Stalker x4  
  96  7:24  Stalker x2  
  96  7:25  Nexus  
  84  7:55  Stalker x3  
  84  7:56  Stalker x4  
  98  8:01  Pylon  
  98  8:09  Pylon  
  98  8:10  Twilight Council  
  98  8:11  Observer  
  99  8:16  Probe x2 (Chrono Boost)  
  97  8:45  Stalker x3  
  97  8:46  Stalker x4  
  111  8:59  Nexus  
  111  9:00  Blink  
  111  9:01  Pylon  
  111  9:16  Stalker x3  
  95  9:50  Stalker x2  
  95  9:51  Stalker x4  
  105  10:09  Nexus  
  105  10:13  Pylon  
  79  10:34  Stalker x4  
  81  10:55  Stalker x2  
  81  10:56  Stalker  
  87  11:24  Zealot  
  87  11:25  Zealot x4  
  95  11:26  Zealot x2  
Tags
 
Add a new tag
Caveats
  • Supply blocks, unpowered buildings, or Contaminate may cause inaccurate times.
  • Supply counts are checked every 10 seconds.